 Dungeon Crawl Stone Soup version 0.29.1-1-gd02db6906a (webtiles) character file.

Game seed: 7893656547833474956

2252 keekatzer the Reanimator (level 9, -1/68 HPs)
             Began as a Mummy Necromancer on Sept 18, 2022.
             Was an Initiate of Cheibriados.
             Slain by a yak (7 damage)
             ... on level 7 of the Dungeon.
             The game lasted 00:52:09 (6102 turns).

keekatzer the Reanimator (Mummy Necromancer)        Turns: 6102, Time: 00:52:10

Health: -1/68      AC:  7    Str: 17    XL:     9   Next: 15%
Magic:  0/16       EV: 13    Int: 18    God:    Cheibriados [......]
Gold:   50         SH:  0    Dex: 13    Spells: 2/18 levels left

rFire   x . .      SeeInvis +   b - staff of death
rCold   + . .      Faith    .   (no shield)
rNeg    + + +      Spirit   .   n - +1 robe {Will+}
rPois   ∞          Reflect  .   q - +0 helmet
rElec   .          Harm     .   (no cloak)
rCorr   .          Rampage  .   c - +2 pair of gloves
Will    ++...                   (no boots)
Stlth   ++........              a - amulet of Udievin {Regen+ Str+3}
HPRegen 1.01/turn               e - ring of see invisible
MPRegen 0.15/turn               (no ring)

@: very slow
A: cold resistance 1, negative energy resistance 3, torment resistance 2, heat
vulnerability 1, in touch with death 1, no potions
a: Renounce Religion


You were on level 7 of the Dungeon.
You worshipped Cheibriados.
Cheibriados was noncommittal.
You visited 2 branches of the dungeon, and saw 9 of its levels.
You also visited: Sewer.

You collected 260 gold pieces.
You spent 210 gold pieces at shops.

Inventory:

Hand Weapons
 p - a +1 war axe of distortion
Missiles
 r - a throwing net
Armour
 c - a +2 pair of gloves (worn)
 d - a +0 ring mail
 h - a +0 chain mail
 i - a +0 leather armour
 n - a +1 robe of willpower (worn)
 q - a +0 helmet (worn)
Magical Staves
 b - a staff of death (weapon)
Jewellery
 a - the amulet of Udievin (around neck) {Regen+ Str+3}
   (You found it on level 6 of the Dungeon)

   [amulet of regeneration]

   Str:       It affects your strength (+3).
   Regen:     It increases your rate of health regeneration.
 e - a ring of see invisible (left hand)
Scrolls
 f - a scroll of magic mapping
 g - a scroll of identify
 k - a scroll of blinking
 l - a scroll of brand weapon
 m - a scroll of fear
 o - a scroll of immolation
 s - a scroll of enchant weapon
 t - 4 scrolls of teleportation
 u - a scroll of silence


   Skills:
 + Level 5.2 Fighting
 + Level 4.5 Staves
 - Level 0.5 Armour
 + Level 4.3 Dodging
 - Level 1.5 Stealth
 - Level 5.0 Spellcasting
 * Level 8.1 Necromancy


You had 2 spell levels left.
You knew the following spells:

 Your Spells              Type           Power      Damage    Failure   Level
a - Necrotise             Necr           100%       1d9       1%          1
b - Vampiric Draining     Necr           66%        2d10      1%          3
c - Agony                 Necr           66%        N/A       13%         5
d - Apportation           Tloc           8%         N/A       13%         1
e - Animate Dead          Necr           66%        N/A       4%          4
f - Foxfire               Conj/Fire      16%        2x1d4     13%         1
g - Summon Small Mammal   Summ           16%        N/A       13%         1

Your spell library contained the following spells:

 Spells                   Type           Power      Damage    Failure   Level
 Conjure Flame            Conj/Fire      4%         6-21      36%         3
 Inner Flame              Hex/Fire       4%         N/A       36%         3
 Flame Wave               Conj/Fire      4%         2d5       78%         4
 Petrify                  Tmut/Erth      4%         N/A       78%         4
 Irradiate                Conj/Tmut      2%         3d12      98%         5
 Sublimation of Blood     Necr           Unusable   N/A       N/A         2

Dungeon Overview and Level Annotations

Branches:
Dungeon (8/15)             Temple (1/1) D:6           Sewer (visited)
   Lair: D:8-11

Altars:
Cheibriados
Dithmenos
Fedhas
Gozag
Hepliaklqana
Kikubaaqudgha
Makhleb
Nemelex Xobeh
Okawaru
Qazlal
Ru
Sif Muna
Trog
Uskayaw
Vehumet
Wu Jian
Xom
Yredelemnul

Shops:
D:5 ?

Annotations:
D:4 2 transporters, Arctor's ghost, novice DrTm
D:5 3 runed translucent doors, swilekon's ghost, amateur OpMo


Innate Abilities, Weirdness & Mutations

You are immune to poison.
Your flesh is cold resistant. (rC+)
You are immune to negative energy. (rN+++)
You are immune to unholy pain and torment.
You are vulnerable to heat. (rF-)
You are in touch with the powers of death.
You do not drink.


Message History

You feel a strong surge of power!
You draw life force from the yak!
You feel life coursing into your body. The yak gores you!
You hit the yak but do no damage.
The yak is almost dead.
The yak gores you.
You hit the yak but do no damage.
The yak is almost dead.
The yak misses you.
You hit the yak but do no damage.
The yak is almost dead.
The yak completely misses you.
You closely miss the yak.
The yak is almost dead.
The yak barely misses you.
You closely miss the yak.
The yak is almost dead.
The yak gores you!
You hit the yak.
The yak is almost dead.
The yak gores you.
You hit the yak.
The yak is almost dead.
You hit the yak but do no damage.
The yak is almost dead.
The yak gores you.
You hit the yak but do no damage.
The yak is almost dead.
The yak gores you.
* * * LOW HITPOINT WARNING * * *
You barely miss the yak.
The yak is almost dead.
The yak gores you!
* * * LOW HITPOINT WARNING * * *
Casting: Vampiric Draining (safe; 1% risk of failure)
Confirm with . or Enter, or press ? or * to list all spells.
Aiming: Necrotise (safe; 1% risk of failure)
Press: ? - help, Shift-Dir - straight line, f/p - yak
Aim: a yak (almost dead, chance to affect: 83%)
You feel a strong surge of power!
The yak barely resists.
The yak gores you!
You die...

#..##............#
##..###.........##
##..####.......#
##...#####...##
##...## ###.# ##
##...####..# #.
##....#..## ##.
##...Y.## #!.
##.@.## ##..
##.>..# #...
###..##.##
#...##...###..#
### #.#...###
##.## ..##
###..### #..#
...###..### ##.#
......### #.##
.....## #..#


You could see a yak.

Vanquished Creatures
  Grinder (D:6)
  2 yaks
  A black bear (D:6)
  2 ice beasts (D:5)
  3 ogres
  A kobold brigand (Sewer)
  A bullfrog (D:6)
  A scorpion (D:6)
  2 wights
  A howler monkey (D:5)
  A bullfrog zombie (D:5)
  A centaur zombie (D:5)
  3 jellies
  2 orc priests
  Jessica (D:2)
  3 iguanas
  Terence (D:2)
  Natasha (twice) (D:2)
  5 orc wizards
  3 gnolls (D:5)
  8 adders
  A river rat (Sewer)
  A shadow imp (D:6)
  A white imp (D:7)
  2 ufetubi
  5 worms
  4 dart slugs
  22 orcs
  9 ball pythons
  10 bats
  8 endoplasms
  5 giant cockroaches
  4 hobgoblins
  2 jackals (D:3)
  3 quokkas
  2 frilled lizards (D:3)
  9 goblins
  12 kobolds
  10 rats
155 creatures vanquished.

Vanquished Creatures (collateral kills)
  A bullfrog (D:6)
  An adder (D:2)
  A worm (D:3)
  An orc (D:3)
  2 endoplasms
  A rat (Sewer)
7 creatures vanquished.

Vanquished Creatures (others)
  12 foxfires
12 creatures vanquished.

Grand Total: 174 creatures vanquished

Notes
Turn   | Place    | Note
-------+----------+-------------------------------------------
     0 | D:1      | keekatzer the Mummy Necromancer began the quest for the
                  | Orb.
     0 | D:1      | Reached XP level 1. HP: 13/13 MP: 4/4
    96 | D:1      | Found a faded altar of an unknown god.
   191 | D:1      | Reached skill level 1 in Fighting
   233 | D:1      | Reached XP level 2. HP: 10/22 MP: 0/5
   766 | D:1      | Gained mutation: You are in touch with the powers of death.
                  | [Mummy growth]
   766 | D:1      | Reached XP level 3. HP: 27/27 MP: 5/7
   798 | D:1      | Learned a level 3 spell: Vampiric Draining
   930 | D:2      | Reached skill level 1 in Staves
  1290 | D:2      | Reached XP level 4. HP: 26/33 MP: 3/8
  1379 | D:2      | Noticed Jessica
  1382 | D:2      | Killed Jessica
  1418 | D:2      | Noticed Natasha
  1424 | D:2      | Killed Natasha
  1499 | D:2      | Reached XP level 5. HP: 38/38 MP: 6/10
  1530 | D:2      | Noticed Terence
  1538 | D:2      | Killed Terence
  1547 | D:2      | Learned a level 5 spell: Agony
  1549 | D:2      | Learned a level 1 spell: Apportation
  1689 | D:2      | Found a shimmering altar of Xom.
  1713 | D:2      | Noticed Natasha
  1718 | D:2      | Killed Natasha
  2116 | D:3      | Found a glowing drain.
  2136 | Sewer    | Entered a sewer
  2404 | Sewer    | Reached XP level 6. HP: 46/46 MP: 6/12
  3003 | D:4      | Learned a level 4 spell: Animate Dead
  3183 | D:4      | Reached skill level 5 in Necromancy
  3480 | D:4      | Reached skill level 5 in Spellcasting
  3480 | D:4      | Reached XP level 7. HP: 52/52 MP: 4/14
  3704 | D:4      | Found a transporter.
  3715 | D:4      | Found a transporter.
  3715 | D:4      | Noticed Arctor's ghost (novice DrTm)
  3766 | D:5      | Entered Level 5 of the Dungeon
  3855 | D:5      | Found a basalt altar of Yredelemnul.
  4238 | D:5      | Reached skill level 6 in Necromancy
  4336 | D:5      | Found Otwud's Magic Scroll Emporium.
  4370 | D:5      | Bought a scroll of fear for 48 gold pieces
  4370 | D:5      | Bought a scroll of teleportation for 36 gold pieces
  4370 | D:5      | Bought a scroll of identify for 24 gold pieces
  4370 | D:5      | Bought a scroll of noise for 12 gold pieces
  4370 | D:5      | Bought a scroll of blinking for 90 gold pieces
  4520 | D:5      | Noticed a yak
  4521 | D:5      | Found a runed translucent gate.
  4521 | D:5      | Noticed swilekon's ghost (amateur OpMo)
  4522 | D:5      | Found a runed translucent gate.
  4548 | D:5      | Found a runed translucent gate.
  4637 | D:6      | Identified the amulet of Udievin {Regen+ Str+3}
  4701 | D:6      | Learned a level 1 spell: Foxfire
  4703 | D:6      | Learned a level 1 spell: Summon Small Mammal
  4826 | D:6      | Reached XP level 8. HP: 60/60 MP: 2/15
  5045 | D:6      | Found a sparkling altar of Nemelex Xobeh.
  5170 | D:6      | Found a staircase to the Ecumenical Temple.
  5183 | Temple   | Entered the Ecumenical Temple
  5315 | D:6      | Reached skill level 7 in Necromancy
  5348 | D:6      | You fall into a shaft and drop 2 floors!
  5450 | D:6      | Found a snail-covered altar of Cheibriados.
  5460 | D:6      | Became a worshipper of Cheibriados the Contemplative
  5490 | D:6      | Noticed Grinder
  5578 | D:6      | Killed Grinder
  5686 | D:6      | Reached skill level 5 in Fighting
  5978 | D:7      | Reached XP level 9. HP: 50/68 MP: 5/16
  6029 | D:6      | Reached skill level 8 in Necromancy
  6102 | D:7      | Slain by a yak

Illustrated notes

Levels and vault maps discovered:
D:1:      psy_arrival_fountain, layout_basic, chequers_ecumenical_altar_island,
          minmay_tall_x
D:2:      layout_loops_cross, basic_altar, uniq_jessica, uniq_terence,
          uniq_natasha
D:3:      layout_basic, gup_sewer_entry_bubbles, minmay_misc_feat_more_columns,
          minivault_11, kennysheep_generic_room_14
D:4:      layout_basic, gammafunk_ghost_smash, corexii_item_surrounded_by_moat
D:5:      layout_basic, lemuel_zombie_altar_yredelemnul, gammafunk_ghost_split,
          serial_shops, nicolae_shop_statue_plus
D:6:      layout_basic, slow_altar_1, mainiacjoe_overflow_chevrons,
          minmay_temple_entry_butterflies, roderic_malta_cross,
          serial_bayou_pond_e, uniq_grinder
D:7:      kennysheep_spiral_hall, layout_cave_pods
D:8:      minmay_octagon_keep, layout_rooms, serial_shops,
          nicolae_shop_overgrown_old_shop
Temple:   nicolae_temple_bog_church

Skill      XL: |  1  2  3  4  5  6  7  8  9 |
---------------+----------------------------+-----
Fighting       | 1 2 3 5 |  5.2
Staves         | 2 3 4 |  4.5
Spellcasting   | 3 4 5 |  5.0
Dodging        | 2 3 4 |  4.3
Necromancy     | 5 6 7 8 |  8.1
Armour         | |  0.5
Stealth        | |  1.5

Action                   |  1- 3 |  4- 6 |  7- 9 || total
-------------------------+-------+-------+-------++-------
Melee: Unarmed           |    12 |       |       ||    12
       Staff             |    47 |   112 |   315 ||   474
       Punch             |       |     3 |     5 ||     8
 Cast: Necrotise         |    51 |    90 |    55 ||   196
       Vampiric Draining |     2 |    17 |    39 ||    58
       Foxfire           |       |       |    11 ||    11
       Summon Small Mamm |       |       |     2 ||     2
  Use: Scroll            |       |       |     8 ||     8
 Stab: Sleeping          |     2 |     4 |     3 ||     9
Armor: Robe              |    27 |    32 |   108 ||   167
       Leather armour    |       |     3 |       ||     3
Dodge: Dodged            |    51 |    85 |   240 ||   376
